 Dungeon Crawl Stone Soup version 0.17-a0-1399-gd5b76e1 (webtiles) character file.

652528 Fluffy the Hoplite (level 27, 0/188 HPs)
             Began as a Gargoyle Fighter on June 17, 2015.
             Was the Champion of Okawaru.
             Splashed by an acid blob's acid (8 damage)
             ... created by the royal jelly
             ... on level 5 of the Pits of Slime on June 18, 2015.
             The game lasted 05:55:14 (76535 turns).

Fluffy the Hoplite (Gargoyle Fighter)              Turns: 76535, Time: 05:55:14

Health: 0/188      AC: 25    Str: 21    XL:     27
Magic:  26/27      EV: 28    Int: 15    God:    Okawaru [******]
Gold:   8123       SH: 21    Dex: 17    Spells: 0 memorised, 26 levels left

rFire  . . .     SeeInvis .     R - +9 demon whip (freeze)
rCold  + . .     Clarity  .     i - +4 ring mail of Leapfrog {-Cast Regen+ rCorr Slay+3}
rNeg   + + +     SustAt   .     b - +2 shield {AC+3}
rPois  ∞         Gourm    .     a - +1 hat {MR+}
rElec  +         Spirit   .     q - +1 ratskin cloak {rPois rN+ Int-1 Dex-1}
rCorr  +         Warding  .     Q - +1 pair of gloves of Charity {rN+}
rMut   +         Stasis   .     x - +2 pair of boots {run}
MR     +++..     NoCast   +     r - amulet of resist mutation
Stlth  ++........               H - ring "Ithaow" {rC+ rN+ Int+4}
                                A - +4 ring of slaying

@: heroism, finesse, corroded equipment, flying, quick, extremely resistant to
hostile enchantments, unstealthy
A: big wings, blurry vision 2, low mp 1, negative energy resistance 1,
electricity resistance, unbreathing, petrification resistance, rot immunity, AC
+20
a: Stop Flying, Heroism, Finesse, Renounce Religion
}: 3/15 runes: barnacled, golden, gossamer


You were on level 5 of the Pits of Slime.
You worshipped Okawaru.
Okawaru was exalted by your worship.
You were not hungry.

You visited 12 branches of the dungeon, and saw 60 of its levels.
You visited the Abyss 3 times.
You visited 1 bazaar.
You also visited: Ice Cave and Volcano.

You collected 9542 gold pieces.
You spent 1419 gold pieces at shops.

Inventory:

Hand weapons
 R - a +9 demon whip of freezing (weapon)
Armour
 a - a +1 hat of magic resistance (worn)
 b - a +2 shield of protection (worn)
 i - the +4 ring mail of Leapfrog (worn) {-Cast Regen+ rCorr Slay+3}
   (You found it on level 4 of the Vaults)

   It affects your accuracy and damage with ranged weapons and melee attacks
   (+3).
   It prevents spellcasting.
   It increases your rate of regeneration.
   It protects you from acid and corrosion.
 q - the +1 ratskin cloak (worn) {rPois rN+ Int-1 Dex-1}
   (You found it on level 1 of the Crypt)

   It affects your intelligence (-1).
   It affects your dexterity (-1).
   It protects you from poison.
   It protects you from negative energy.
 x - a +2 pair of boots of running (worn)
 P - a +2 helmet of cold resistance
 Q - the +1 pair of gloves of Charity (worn) {rN+}
   (You bought it in a shop on level 4 of the Orcish Mines)

   It protects you from negative energy.
Jewellery
 r - an amulet of resist mutation (around neck)
 A - a +4 ring of slaying (left hand)
 H - the ring "Ithaow" (right hand) {rC+ rN+ Int+4}
   (You found it on level 1 of the Crypt)

   [ring of positive energy]

   It affects your intelligence (+4).
   It protects you from cold.
   It protects you from negative energy.
 M - an uncursed ring of see invisible
Magical devices
 s - a wand of teleportation (7)
 w - a wand of heal wounds (1)
 y - a wand of teleportation (4)
 L - a wand of teleportation (2)
 N - a wand of digging (5)
 O - a wand of digging (15)
 X - a wand of teleportation (4)
Scrolls
 g - 23 scrolls of remove curse
 k - 6 scrolls of magic mapping
 l - 21 scrolls of teleportation
 m - 2 scrolls of enchant weapon
 o - 6 scrolls of recharging
 v - 2 scrolls of summoning
 D - 10 scrolls of enchant armour
 F - 6 scrolls of blinking
 W - 16 scrolls of identify
Potions
 d - 2 potions of might
 f - 2 potions of cancellation
 h - 6 potions of haste
 n - 4 potions of invisibility
 p - 33 potions of curing
 u - 9 potions of berserk rage
 C - 12 potions of agility
 U - 2 potions of cure mutation
 V - 4 potions of resistance
Miscellaneous
 t - a fan of gales
 I - a stone of tremors
 Y - a lamp of fire
Comestibles
 e - 20 bread rations
 j - 31 meat rations
 B - 16 fruits
 E - 18 beef jerkies
 G - 10 slices of pizza
 K - 2 royal jellies


   Skills:
 + Level 23.2(27) Fighting
 + Level 23.0(27) Maces & Flails
 + Level 23.4(27) Armour
 + Level 17.4(22.4) Dodging
 + Level 23.5(27) Shields
 - Level 10.6 Invocations


You had 26 spell levels left.
You didn't know any spells.

Dungeon Overview and Level Annotations

Branches:
Dungeon (15/15)            Temple (1/1) D:5            Lair (8/8) D:8
 Shoals (4/4) Lair:6       Spider (4/4) Lair:4        Slime (6/6) Lair:6
    Orc (4/4) D:9             Elf (3/3) Orc:4        Vaults (4/5) D:14
  Crypt (3/3) Vaults:2       Tomb (3/3) Crypt:3      Depths (5/5) D:15
    Zot (0/5) Depths:5

Altars:
Ashenzari
Cheibriados
Dithmenos
Elyvilon
Fedhas
Gozag
Kikubaaqudgha
Makhleb
Nemelex Xobeh
Okawaru
Qazlal
Ru
Sif Muna
Trog
Vehumet
Xom
Yredelemnul
Zin
The Shining One
Jiyva

Shops:
D:6 [:[}   Orc:1 (   Orc:2 !   Orc:4 (=*[   Vaults:3 (!   Vaults:4 *
Depths:1 =

Portals:
Hell: Depths:1 Depths:2 Depths:3 Depths:4 Depths:5
Abyss: Depths:1 Depths:4 Depths:5
Pandemonium: Depths:2 Depths:3
Ziggurat: Depths:5

Annotations:
Slime:6 Royal Jelly


Innate Abilities, Weirdness & Mutations

You are resistant to torment.
Your stone body is resilient (AC +20).
You are immune to poison.
Your large and strong wings let you fly indefinitely.
You resist negative energy.
You are resistant to electric shocks.
You can survive without breathing.
You are immune to petrification.
You are immune to rotting.
Scrolls take you longer to read.
Your magical capacity is low (-10% MP).


Message History

The splash of acid misses you. The acid blob hits you!
* * * LOW HITPOINT WARNING * * *
You are splashed with acid!
The acid burns!
You resist.
* * * LOW HITPOINT WARNING * * *
The acid blob completely misses you. The acid blob spits acid at you.
The splash of acid hits you! You resist.
* * * LOW HITPOINT WARNING * * *
The acid burns!
You resist.
* * * LOW HITPOINT WARNING * * *
Drink which item? (? for menu, Esc to quit)
You feel much better. You block the acid blob's attack.
The acid blob spits acid at you. The splash of acid hits you! You resist.
* * * LOW HITPOINT WARNING * * *
The acid burns!
You resist.
* * * LOW HITPOINT WARNING * * *
The acid blob spits acid at you. The splash of acid hits you!
The acid burns!
You resist.
You die...

............#...#.###.....####
...........................#.##
..........#....^..............#
....#.....#................#.####
...#......................####..#
........................#..#.....
..##............J>..............#
..####..#......JJJ...............
.## #...........@....#...........
## ##.##......<.............###.
#####...........#.......# #
#.............#.#.#.##
##..#............####
#...#......<......#
##...#.........#.## ##
##.#.............## ##.
#...............## #..


You could see 3 acid blobs and an azure jelly.

Vanquished Creatures
  4 ancient liches
  Mara (Crypt:1)
  Mennas (Crypt:1)
  27 greater mummies
  Boris (Depths:4)
  Norris (Spider:3)
  Saint Roka (Vaults:4)
  A golden dragon (Depths:2)
  2 profane servitors (Crypt:3)
  the Enchantress (Depths:3)
  2 bone dragons (Depths:5)
  The ghost of Yermak the Eviscerator, a great FeMo of Trog (Tomb:2)
  16 liches
  A tentacled monstrosity (Depths:4)
  Rupert (Orc:3)
  Asterion (Elf:2)
  3 deep elf blademasters
  8 acid blobs
  2 deep elf master archers (Elf:3)
  An octopode crusher (Depths:3)
  2 krakens
  2 eldritch tentacles (Depths:3)
  Gastronok (Lair:1)
  2 tentacled starspawn (Abyss:1)
  2 shadow dragons
  Agnes (Elf:1)
  16 ancient champions
  9 sphinxes
  An azure jelly (shapeshifter) (Depths:2)
  Roxanne (Shoals:3)
  2 revenants
  Ilsuiw (Shoals:4)
  Wiglaf (Vaults:4)
  7 azure jellies
  Donald (Elf:3)
  4 frost giants
  7 deep elf sorcerers
  9 vault wardens
  Louise (Shoals:3)
  5 ghost moths
  6 fire giants
  6 curse skulls
  2 orc warlords
  6 emperor scorpions
  4 ghouls
  7 ironheart preservers
  3 draconian annihilators
  2 draconian shifters
  18 stone giants
  3 war gargoyles
  14 very ugly things
  2 reapers
  10 spriggan defenders
  2 green draconians (Depths:5)
  13 vampire knights
  8 deep elf demonologists
  A draconian caller (Depths:5)
  11 deep elf annihilators
  8 bennus
  Azrael (Spider:2)
  2 mottled draconians (Depths:5)
  2 yellow draconians (Depths:5)
  14 ettins
  12 vault guards
  7 merfolk javelineers
  2 blizzard demons
  6 eidola
  2 crystal guardians (Depths:4)
  5 deep elf death magi
  An ettin (shapeshifter) (Depths:3)
  10 fire dragons
  20 mummy priests
  11 jiangshi
  A death ooze (Slime:6)
  3 merfolk impalers (Shoals:4)
  7 entropy weavers
  9 great orbs of eyes
  3 deep elf high priests
  12 hydras
  16 yaktaur captains
  Harold (Orc:3)
  The ghost of 4thArraOfDagon the Cleaver, a powerful HuBe of Trog (D:14)
  7 ice dragons
  A quicksilver dragon skeleton (Crypt:2)
  8 rakshasas
  Erolcha (Depths:4)
  A catoblepas (Lair:8)
  7 spriggan air magi
  9 merfolk aquamancers
  4 merfolk avatars
  Erica (D:10)
  4 satyrs
  An alligator snapping turtle (Shoals:4)
  4 ogre magi
  18 centaur warriors
  4 death knights
  16 deep troll shamans
  23 death yaks (Lair:8)
  17 dancing weapons
  3 salamander stormcallers
  11 deep troll earth magi
  5 thrashing horrors (Abyss:1)
  A titan zombie (Crypt:3)
  10 tengu warriors
  4 orc high priests
  10 spriggan berserkers
  4 hell hogs (Abyss:1)
  Urug (Lair:2)
  9 vampire magi
  Sonja (Lair:1)
  A storm dragon zombie (Crypt:1)
  23 deep elf knights
  6 wretched stars (Abyss:1)
  6 soul eaters (Crypt:1)
  An ice devil (Depths:2)
  29 skeletal warriors
  A spatial maelstrom (Abyss:1)
  10 sea snakes
  10 hell knights
  A fire crab (shapeshifter) (Vaults:2)
  4 iron trolls
  38 deep trolls
  A fire crab (Vaults:4)
  A ghost moth zombie (Crypt:3)
  An anaconda zombie (Abyss:1)
  13 death scarabs
  2 unseen horrors
  48 anubis guards
  2 storm dragon skeletons
  7 giant orange brains
  5 deep elf summoners
  A torturous demonspawn (Depths:3)
  A shadow demon (Depths:3)
  The ghost of Uberwunderbarhen the Skirmisher, an experienced GrFi of Qazlal (D:7)
  An ice statue (IceCv)
  A golden dragon skeleton (Tomb:1)
  Pikel (D:7)
  3 flayed ghosts
  9 hill giants
  23 ironbrand convokers
  10 orc knights
  A hill giant (shapeshifter) (Elf:3)
  4 wizards
  29 wolf spiders
  A shadow dragon zombie (Tomb:1)
  11 orc sorcerers
  10 deep elf conjurers
  10 phantasmal warriors
  10 necromancers
  18 harpies
  7 shining eyes
  3 salamanders
  3 sixfirhies
  12 cyclopes
  16 orb spiders
  12 fauns
  An iron dragon skeleton (Crypt:1)
  48 ugly things
  4 worldbinders (Abyss:1)
  16 griffons
  An octopode (shapeshifter) (Depths:5)
  4 eyes of devastation
  116 slime creatures
  5 water nymphs
  A water nymph (shapeshifter) (Elf:3)
  13 manticores
  3 hornets (shapeshifter)
  5 hornets
  3 moths of wrath
  A guardian serpent (Abyss:1)
  2 stone giant skeletons
  A guardian serpent (shapeshifter) (D:15)
  25 elephants
  Joseph (Lair:1)
  9 sirens
  2 fire giant skeletons
  A frost giant skeleton (Crypt:3)
  9 vault sentinels
  2 rust devils (Depths:3)
  10 smoke demons (Abyss:1)
  A naga mage (Abyss:1)
  69 yaktaurs
  2 orange demons (Abyss:1)
  3 gargoyles (Depths:4)
  7 spiny frogs
  A torpor snail (Spider:1)
  4 centaur skeletons
  A dire elephant skeleton (Abyss:1)
  A purple draconian zombie (Crypt:2)
  A white draconian zombie (Crypt:2)
  A yaktaur (shapeshifter) (Elf:3)
  5 spectral swamp worms (Depths:5)
  8 black mambas
  2 fire drakes
  13 komodo dragons
  An anaconda simulacrum (Crypt:1)
  5 kobold demonologists
  A death yak zombie (Crypt:1)
  2 red devils
  A white draconian skeleton (Crypt:1)
  4 hellwings
  2 queen bees (shapeshifter)
  A troll (shapeshifter) (Vaults:2)
  A purple draconian skeleton (Crypt:3)
  8 tengu conjurers
  6 ancient zymes (Abyss:1)
  A fire drake (shapeshifter) (D:15)
  A hydra zombie (Crypt:1)
  A jumping spider (shapeshifter) (Depths:2)
  2 silent spectres
  37 guardian mummies
  19 deep elf priests
  A queen bee (Lair:2)
  A fire vortex (Vaults:2)
  7 demonic crawlers
  2 polar bears (Lair:8)
  18 small abominations
  21 freezing wraiths
  24 merfolk
  The ghost of Kidiri the Sneak, an experienced SpEn (D:4)
  3 wind drakes
  Prince Ribbit (D:5)
  A hornet zombie (D:15)
  2 harpy zombies
  A guardian serpent zombie (Crypt:3)
  3 boulder beetles
  10 raiju (Abyss:1)
  A bog body (Crypt:3)
  A fire dragon zombie (Crypt:2)
  29 jumping spiders
  A hydra skeleton (Crypt:2)
  A raiju (shapeshifter) (Abyss:1)
  An ice dragon zombie (Crypt:1)
  9 ushabtiu
  A stone giant simulacrum (Crypt:3)
  13 blink frogs
  An ettin zombie (Tomb:2)
  11 two-headed ogres
  9 snapping turtles
  11 air elementals
  Sigmund (D:3)
  31 flying skulls
  6 shadows
  20 trapdoor spiders
  16 spriggans
  2 wolf spider simulacra (IceCv)
  6 ynoxinuls (Abyss:1)
  A tarantella (shapeshifter) (Depths:1)
  A dire elephant simulacrum (Abyss:1)
  27 deep elf magi
  18 water elementals
  62 yaks
  6 vampires
  2 basilisks (shapeshifter)
  54 redbacks
  A steam dragon (Lair:5)
  8 wraiths
  21 tarantellas
  5 fire elementals
  A golden eye (shapeshifter) (Depths:3)
  7 hippogriffs
  A black mamba skeleton (Abyss:1)
  5 vampire mosquitoes
  5 wyverns
  4 basilisks
  6 neqoxecs (Abyss:1)
  2 death yak simulacra (IceCv)
  4 chaos spawn
  10 golden eyes
  34 deep elf fighters
  4 fire bats
  2 insubstantial wisps (Abyss:1)
  A mottled dragon (D:13)
  40 wolves
  An infernal demonspawn zombie (Crypt:1)
  13 wargs
  Edmund (D:5)
  2 soldier ants
  A torturous demonspawn zombie (Crypt:3)
  A monstrous demonspawn skeleton (Crypt:3)
  A spatial vortex (Abyss:1)
  7 porcupines
  A naga (Abyss:1)
  A hell hound (Spider:2)
  18 spiders
  An eye of draining (shapeshifter) (D:15)
  21 ice beasts
  13 water moccasins
  6 eyes of draining
  3 necrophages
  A swamp drake (shapeshifter) (Depths:1)
  2 black bears
  A fire dragon simulacrum (Crypt:1)
  40 orc warriors
  2 ettin simulacra
  18 ogres
  2 manticore zombies
  8 crocodiles
  2 sky beasts
  19 wasps
  An elephant zombie (Crypt:3)
  2 phantoms
  2 swamp dragon skeletons (Abyss:1)
  17 boggarts
  31 centaurs
  A snapping turtle skeleton (Tomb:2)
  19 large abominations (Abyss:1)
  A brain worm (Abyss:1)
  A gnoll sergeant (D:10)
  4 big kobolds
  A draconian zombie (Crypt:2)
  A fire drake skeleton (Crypt:2)
  2 wyvern zombies
  2 earth elementals (Depths:4)
  23 giant frogs
  2 wyvern skeletons
  A water moccasin skeleton (D:9)
  5 scorpions
  A hippogriff zombie (Crypt:1)
  33 killer bees
  15 wights
  13 lava snakes (Volcano)
  A snapping turtle simulacrum (Abyss:1)
  A wolf zombie (Crypt:3)
  10 electric eels
  5 quasits
  5 centaur zombies
  9 crimson imps
  8 hounds
  27 starcursed masses (Abyss:1)
  6 draconian simulacra (IceCv)
  An elf simulacrum (Crypt:1)
  A human zombie (Crypt:1)
  A soldier ant zombie (Crypt:3)
  4 giant frog skeletons
  24 orc priests
  10 iguanas
  24 jellies
  29 orc wizards
  5 iron imps
  12 worker ants
  Terence (D:3)
  A gnoll shaman (D:9)
  7 hell rats (Lair:3)
  4 troll simulacra (IceCv)
  A porcupine zombie (Crypt:1)
  A big kobold zombie (Crypt:1)
  20 sheep
  A brain worm zombie (Crypt:3)
  5 centaur simulacra (IceCv)
  A naga skeleton (Crypt:2)
  A hound skeleton (Crypt:3)
  44 mummies
  Robin (D:4)
  2 naga simulacra (IceCv)
  3 ogre simulacra (IceCv)
  80 river rats
  13 adders
  20 gnolls
  A steam dragon skeleton (Crypt:2)
  8 shadow imps
  15 white imps
  5 ufetubi
  An ooze (D:7)
  2 adder skeletons
  2 adder zombies
  4 worms
  4 giant geckos
  174 orcs
  11 bats
  A bat skeleton (D:4)
  21 hobgoblins
  13 kobolds
  4 ball pythons
  7 giant cockroaches
  A giant gecko skeleton (Crypt:2)
  A giant gecko zombie (D:5)
  6 giant newts
  20 goblins
  10 jackals
  6 quokkas
  A quokka skeleton (D:6)
  17 rats
  2 crawling corpses
  2 fungi
  3 plants
  2 starspawn tentacles (Abyss:1)
  7 tentacles
3216 creatures vanquished.

Vanquished Creatures (others)
  A tengu reaver (Depths:2)
  A vampire knight (Depths:2)
  A merfolk aquamancer (Shoals:3)
  2 deep trolls
  A shadow wraith (Vaults:3)
  An ironbrand convoker (Vaults:2)
  An orb spider (Spider:4)
  A harpy (Shoals:1)
  An anubis guard (Tomb:1)
  A necromancer (Depths:3)
  A wolf spider (Vaults:2)
  3 yaktaurs
  A fire vortex (Lair:2)
  3 flying skulls (Tomb:2)
  A human (Crypt:1)
  A redback (Spider:4)
  A hydra simulacrum (Crypt:2)
  2 boggarts
  An ogre (Vaults:4)
  A small abomination (Abyss:1)
  A jelly (Abyss:1)
  A human zombie (Tomb:2)
  A killer bee zombie (D:7)
  2 mummies (Tomb:2)
  4 river rats (Lair:1)
  An orc (Vaults:2)
  A bush (Depths:1)
  6 eldritch tentacle segments (Depths:3)
  13 fungi
  6 lost souls
  26 plants
  3 starspawn tentacles (Abyss:1)
  21 starspawn tentacle segments (Abyss:1)
  22 tentacles
  451 tentacle segments
585 creatures vanquished.

Grand Total: 3801 creatures vanquished

Notes
Turn   | Place    | Note
--------------------------------------------------------------
     0 | D:1      | Fluffy the Gargoyle Fighter began the quest for the Orb.
     0 | D:1      | Reached XP level 1. HP: 14/14 MP: 1/1
   209 | D:1      | Reached XP level 2. HP: 14/19 MP: 2/2
   481 | D:1      | Reached XP level 3. HP: 23/23 MP: 3/3
   699 | D:2      | Reached skill level 4 in Maces & Flails
   784 | D:2      | Reached XP level 4. HP: 21/28 MP: 4/4
  1260 | D:2      | Reached skill level 5 in Maces & Flails
  1260 | D:2      | Reached XP level 5. HP: 27/32 MP: 5/5
  1744 | D:3      | Noticed Sigmund
  1756 | D:3      | Killed Sigmund
  1756 | D:3      | Reached skill level 6 in Maces & Flails
  1756 | D:3      | Reached XP level 6. HP: 31/37 MP: 6/6
  1823 | D:3      | Found a white marble altar of Elyvilon.
  1920 | D:3      | Noticed Terence
  1946 | D:3      | Killed Terence
  2417 | D:4      | Noticed Kidiri's ghost (experienced SpEn)
  2431 | D:4      | Reached skill level 7 in Maces & Flails
  2431 | D:4      | Reached XP level 7. HP: 37/41 MP: 7/7
  2442 | D:4      | Killed Kidiri's ghost
  2442 | D:4      | Reached skill level 8 in Maces & Flails
  2466 | D:4      | Noticed Robin
  2481 | D:4      | Killed Robin
  2594 | D:4      | Found an ancient bone altar of Kikubaaqudgha.
  2625 | D:4      | Got a smoking leather armour
  2636 | D:4      | Identified the +3 leather armour of Gemio {rCorr Slay+3} (You found it on level 4 of the Dungeon)
  2638 | D:4      | Found a shattered altar of Ashenzari.
  2638 | D:4      | Found a shimmering altar of Xom.
  3073 | D:5      | Entered Level 5 of the Dungeon
  3073 | D:5      | Noticed Prince Ribbit
  3092 | D:5      | Killed Prince Ribbit
  3092 | D:5      | Reached skill level 9 in Maces & Flails
  3092 | D:5      | Reached XP level 8. HP: 12/46 MP: 8/8
  3348 | D:5      | Noticed Edmund
  3374 | D:5      | Killed Edmund
  3526 | D:5      | Reached skill level 10 in Maces & Flails
  3534 | D:5      | Found a staircase to the Ecumenical Temple.
  3539 | Temple   | Entered the Ecumenical Temple
  3591 | Temple   | Became a worshipper of Warmaster Okawaru
  3852 | D:5      | Reached skill level 1 in Invocations
  3951 | D:5      | Found a glowing silver altar of Zin.
  3951 | D:5      | Found an opulent altar of Gozag.
  4396 | D:6      | Found Vufukecymm's Antique Armour Shop.
  4407 | D:6      | Bought a pair of glowing boots for 126 gold pieces
  4412 | D:6      | Identified a +1 pair of boots of running (You bought it in a shop on level 6 of the Dungeon)
  4571 | D:6      | Found Miatyef's Book Shoppe.
  4584 | D:6      | Found Zystawun's Armour Emporium.
  4942 | D:6      | Reached XP level 9. HP: 52/52 MP: 10/10
  4998 | D:6      | Found Dexzuass's Gadget Shop.
  5320 | D:7      | Noticed Uberwunderbarhen's ghost (experienced GrFi)
  5343 | D:7      | HP: 2/52 [Uberwunderbarhen's ghost (4)]
  5350 | D:7      | Killed Uberwunderbarhen's ghost
  5350 | D:7      | Acquired Okawaru's first power
  5350 | D:7      | Reached skill level 5 in Shields
  5467 | D:7      | Noticed Pikel
  5474 | D:7      | Killed Pikel
  5474 | D:7      | Reached skill level 5 in Fighting
  5474 | D:7      | Reached skill level 5 in Armour
  6103 | D:7      | Reached XP level 10. HP: 38/59 MP: 13/13
  6379 | D:8      | Found a staircase to the Lair.
  6379 | D:8      | Noticed an elephant
  6412 | D:8      | Killed an elephant
  6591 | D:8      | Reached skill level 5 in Invocations
  6872 | D:8      | Reached skill level 11 in Maces & Flails
  7084 | D:8      | Noticed a two-headed hydra
  7095 | D:8      | Killed a two-headed hydra
  7441 | Lair:1   | Entered Level 1 of the Lair of Beasts
  7469 | Lair:1   | Noticed Gastronok
  7486 | Lair:1   | Killed Gastronok
  7486 | Lair:1   | Received a gift from Okawaru
  7486 | Lair:1   | Reached XP level 11. HP: 32/67 MP: 13/15
  7616 | Lair:1   | Acquired Okawaru's second power
  7630 | Lair:1   | Noticed a black mamba
  7642 | Lair:1   | Killed a black mamba
  8000 | Lair:1   | Received a gift from Okawaru
  8031 | Lair:1   | Got a pitted scale mail {god gift}
  8042 | Lair:1   | Identified the +1 scale mail "Ynekk" {rPois Regen+} (Okawaru gifted it to you on level 1 of the Lair of Beasts)
  8145 | Lair:1   | Noticed Sonja
  8438 | Lair:1   | Noticed Joseph
  8450 | Lair:1   | Killed Joseph
  8814 | Lair:1   | Killed Sonja
  9269 | Lair:2   | Reached skill level 12 in Maces & Flails
  9321 | Lair:2   | Noticed Urug
  9326 | Lair:2   | Reached XP level 12. HP: 31/75 MP: 5/17
  9339 | Lair:2   | Killed Urug
 10388 | Lair:3   | Received a gift from Okawaru
 10399 | Lair:3   | Got a distressingly furry plate armour {god gift}
 10485 | Lair:3   | Identified the +8 plate armour of the Serpent {rC+ Str+5} (Okawaru gifted it to you on level 3 of the Lair of Beasts)
 11228 | Lair:4   | Reached skill level 10 in Armour
 11248 | Lair:4   | Found a frozen archway.
 11262 | IceCv    | Entered an ice cave
 11592 | IceCv    | Reached skill level 10 in Fighting
 11592 | IceCv    | Reached skill level 10 in Shields
 11600 | IceCv    | Reached XP level 13. HP: 63/82 MP: 14/20
 12138 | IceCv    | Found an ancient bone altar of Kikubaaqudgha.
 13036 | Lair:4   | Reached skill level 13 in Maces & Flails
 13218 | Lair:4   | Found a hole to the Spider Nest.
 13268 | Lair:4   | Received a gift from Okawaru
 13268 | Lair:4   | Reached skill level 10 in Invocations
 13351 | Lair:4   | Got a smoking chain mail
 13362 | Lair:4   | Identified the +8 chain mail "Piucas" {rN+ Int-4 Stlth+} (You found it on level 4 of the Lair of Beasts)
 14276 | Lair:5   | Received a gift from Okawaru
 14277 | Lair:5   | Got an ancient shield {god gift}
 14290 | Lair:5   | Identified the +5 shield of the Snail {Int+4 Dex+4} (Okawaru gifted it to you on level 5 of the Lair of Beasts)
 14701 | Lair:6   | Found a staircase to the Shoals.
 14862 | Lair:6   | Found a hole to the Spider Nest.
 15265 | Lair:6   | Found a viscous altar of Jiyva.
 15265 | Lair:6   | Found a staircase to the Slime Pits.
 15283 | Lair:6   | Gained mutation: Your large and strong wings let you fly indefinitely. [Gargoyle growth]
 15283 | Lair:6   | Reached XP level 14. HP: 75/90 MP: 21/21
 15672 | Lair:7   | Reached skill level 1 in Dodging
 16683 | Lair:8   | Entered Level 8 of the Lair of Beasts
 16693 | Lair:8   | Received a gift from Okawaru
 16716 | Lair:8   | Got an ancient plate armour {god gift}
 16903 | Lair:8   | Reached skill level 14 in Maces & Flails
 16969 | Lair:8   | Identified the +3 plate armour of Lydibet {Int+2} (Okawaru gifted it to you on level 8 of the Lair of Beasts)
 17084 | Lair:8   | Found a dark tunnel.
 17092 | Volcano  | Entered a volcano
 17440 | Volcano  | Received a gift from Okawaru
 17458 | Volcano  | Found a burning altar of Makhleb.
 17644 | Lair:8   | Reached XP level 15. HP: 96/96 MP: 22/22
 18710 | Lair:8   | Reached skill level 5 in Dodging
 18790 | Lair:8   | Received a gift from Okawaru
 19392 | D:9      | Found a staircase to the Orcish Mines.
 19872 | D:9      | Found a bloodstained altar of Trog.
 19971 | D:9      | Found a deep blue altar of Sif Muna.
 20039 | Orc:1    | Entered Level 1 of the Orcish Mines
 20145 | Orc:1    | Found Joazomyra's Antique Weapon Shoppe.
 20638 | Orc:2    | Found Qoedd's Distillery.
 20648 | Orc:2    | Bought 2 potions of curing for 90 gold pieces
 20648 | Orc:2    | Bought a potion of curing for 45 gold pieces
 20648 | Orc:2    | Bought a potion of heal wounds for 75 gold pieces
 20648 | Orc:2    | Bought a potion of curing for 45 gold pieces
 20648 | Orc:2    | Bought a potion of haste for 150 gold pieces
 20648 | Orc:2    | Bought a potion of curing for 45 gold pieces
 20648 | Orc:2    | Bought a potion of curing for 45 gold pieces
 20934 | Orc:1    | Found a radiant altar of Vehumet.
 21115 | Orc:3    | Noticed Harold
 21462 | Orc:3    | Killed Harold
 21888 | Orc:3    | Noticed Rupert
 21907 | Orc:3    | Killed Rupert
 22047 | Orc:4    | Entered Level 4 of the Orcish Mines
 22238 | Orc:3    | Received a gift from Okawaru
 22453 | Orc:4    | Found Yloxuubi's Jewellery Shop.
 22455 | Orc:4    | Found Odeelul's Antique Weapon Emporium.
 22589 | Orc:4    | Found a staircase to the Elven Halls.
 22696 | Orc:4    | Found Lijemy's Antique Armour Emporium.
 22774 | Orc:4    | Found Rodicwothy's General Store.
 22888 | Orc:4    | Reached XP level 16. HP: 57/104 MP: 23/23
 23399 | Orc:4    | Bought a pair of slimy gloves for 256 gold pieces
 23410 | Orc:4    | Identified the +1 pair of gloves of Charity {rN+} (You bought it in a shop on level 4 of the Orcish Mines)
 23412 | Orc:4    | Bought a glowing helmet for 121 gold pieces
 23450 | Orc:4    | Bought a potion of curing for 45 gold pieces
 23450 | Orc:4    | Bought a potion of curing for 45 gold pieces
 23760 | Spider:1 | Entered Level 1 of the Spider Nest
 24083 | Spider:1 | Identified a scroll of acquirement
 24176 | Spider:1 | Reached skill level 15 in Maces & Flails
 24739 | Spider:2 | Noticed Azrael
 24750 | Spider:2 | Killed Azrael
 24775 | Spider:2 | Received a gift from Okawaru
 25586 | Spider:3 | Got a bloodstained morningstar
 25587 | Spider:3 | Identified the +2 morningstar of Order {drain, rF- rN+ Str+4 Dex+3} (You found it on level 3 of the Spider Nest)
 25654 | Spider:3 | Noticed Norris
 25674 | Spider:3 | Paralysed by something for 3 turns
 25681 | Spider:3 | Killed Norris
 25756 | Spider:3 | Identified a +1 rod of destruction (9/9) (You found it on level 3 of the Spider Nest)
 25889 | Spider:4 | Entered Level 4 of the Spider Nest
 26061 | Spider:3 | Received a gift from Okawaru
 26062 | Spider:3 | Got a pair of slimy gloves {god gift}
 26080 | Spider:3 | Identified the +2 pair of gloves "Nabesicete" {rElec} (Okawaru gifted it to you on level 3 of the Spider Nest)
 26761 | Spider:4 | Reached XP level 17. HP: 107/111 MP: 24/24
 27605 | Spider:4 | Received a gift from Okawaru
 27698 | Spider:4 | Got a gossamer rune of Zot
 28024 | Shoals:1 | Entered Level 1 of the Shoals
 28141 | Shoals:1 | Reached skill level 16 in Maces & Flails
 28173 | Shoals:1 | Received a gift from Okawaru
 28260 | Shoals:1 | Got a citrine-encrusted scale mail
 28271 | Shoals:1 | Identified the +6 scale mail of Trial and Error {rF+ Str+3} (You found it on level 1 of the Shoals)
 29077 | Shoals:2 | Reached skill level 15 in Shields
 29116 | Shoals:2 | Reached skill level 15 in Armour
 29277 | Shoals:2 | Reached skill level 15 in Fighting
 29277 | Shoals:2 | Reached XP level 18. HP: 114/119 MP: 25/25
 29315 | Shoals:2 | Identified a +1 rod of inaccuracy (10/10) (You found it on level 2 of the Shoals)
 29981 | Shoals:3 | Received a gift from Okawaru
 29990 | Shoals:3 | Noticed Louise
 30004 | Shoals:3 | Killed Louise
 30508 | Shoals:3 | Noticed Roxanne
 30540 | Shoals:3 | Killed Roxanne
 31030 | Shoals:4 | Entered Level 4 of the Shoals
 31038 | Shoals:4 | Noticed Ilsuiw
 31079 | Shoals:4 | Killed Ilsuiw
 31135 | Shoals:4 | Received a gift from Okawaru
 31861 | Shoals:4 | Got a barnacled rune of Zot
 32364 | Shoals:4 | Identified Kuggourr's Catalogue of Lightness
 33269 | D:10     | Entered Level 10 of the Dungeon
 33630 | D:10     | Noticed Erica
 33648 | D:10     | Killed Erica
 33788 | D:10     | Reached XP level 19. HP: 125/125 MP: 26/26
 33879 | D:11     | Received a gift from Okawaru
 34310 | D:11     | Found a sparkling altar of Nemelex Xobeh.
 34736 | D:12     | Found a basalt altar of Yredelemnul.
 36040 | D:14     | Noticed 4thArraOfDagon's ghost (powerful HuBe)
 36043 | D:14     | Killed 4thArraOfDagon's ghost
 36112 | D:14     | Reached skill level 17 in Maces & Flails
 36527 | D:14     | Found a gate to the Vaults.
 36532 | D:14     | Reached skill level 10 in Dodging
 36743 | D:14     | Received a gift from Okawaru
 37191 | D:15     | Entered Level 15 of the Dungeon
 37484 | D:15     | Found a staircase to the Depths.
 37899 | D:15     | Found a sacrificial altar of Ru.
 38354 | Elf:1    | Entered Level 1 of the Elven Halls
 38401 | Elf:1    | Noticed Agnes
 38407 | Elf:1    | Killed Agnes
 38407 | Elf:1    | Received a gift from Okawaru
 38753 | Elf:1    | Got a smoking graven amulet
 38755 | Elf:1    | Identified the amulet "Inaqysm" {+Rage rElec rF- rC+ Int+3} (You found it on level 1 of the Elven Halls)
 39326 | Elf:1    | iron grate
 39529 | Elf:2    | Found a runed gate.
 39529 | Elf:2    | Found a runed gate.
 39529 | Elf:2    | Found a runed gate.
 39770 | Elf:2    | Reached XP level 20. HP: 98/132 MP: 27/27
 40173 | Elf:2    | Noticed Asterion
 40202 | Elf:2    | Killed Asterion
 40535 | Elf:3    | Entered Level 3 of the Elven Halls
 40540 | Elf:3    | Noticed Donald
 40561 | Elf:3    | Killed Donald
 40820 | Elf:3    | Received a gift from Okawaru
 41290 | Elf:3    | Gained mutation: Scrolls take you a little longer to read. [a neqoxec]
 41297 | Elf:3    | Cast into the Abyss (a deep elf demonologist)
 41412 | Elf:3    | Escaped the Abyss
 41524 | Elf:3    | Cast into the Abyss (a deep elf sorcerer)
 41612 | Abyss:1  | Found a corrupted altar of Lugonu.
 41988 | Abyss:1  | Gained mutation: You tend to lose your temper in combat. [a neqoxec]
 42264 | Abyss:1  | Found a corrupted altar of Lugonu.
 42458 | Abyss:1  | Gained mutation: You are clumsy. (Dex -2) [a neqoxec]
 42541 | Abyss:1  | Gained mutation: You are frail (-10% HP). [a neqoxec]
 42583 | Elf:3    | Escaped the Abyss
 42649 | Elf:3    | Reached skill level 18 in Maces & Flails
 42691 | Elf:3    | Got a faintly glowing brass ring
 42710 | Elf:3    | Got a fine scale mail
 42714 | Elf:3    | Identified the ring "Iggeupn" {rPois Str+2 Stlth+} (You took it off a deep elf annihilator on level 3 of the Elven Halls)
 42728 | Elf:3    | Identified the +5 scale mail of the Doldrums {*Corrode +Blink rPois Dex+8} (You took it off a deep elf priest on level 3 of the Elven Halls)
 42942 | Elf:3    | Reached XP level 21. HP: 125/125 MP: 28/28
 43123 | Elf:3    | Identified Sif Muna's Catalogue of Shifting Protection
 43218 | Elf:3    | Identified Igodul's Compendium of Mutagenic Evil Rituals
 44104 | Vaults:1 | Entered Level 1 of the Vaults
 44172 | Vaults:1 | Received a gift from Okawaru
 45513 | Vaults:2 | Received a gift from Okawaru
 46231 | Vaults:2 | Found a staircase to the Crypt.
 46740 | Crypt:1  | Entered Level 1 of the Crypt
 46740 | Crypt:1  | Noticed Mara
 46756 | Crypt:1  | Noticed Fluffy's illusion
 46757 | Crypt:1  | Killed Mara
 46933 | Crypt:1  | Got a heavily runed wooden ring
 46935 | Crypt:1  | Identified the ring "Ithaow" {rC+ rN+ Int+4} (You found it on level 1 of the Crypt)
 47081 | Crypt:1  | Reached XP level 22. HP: 112/132 MP: 29/29
 47112 | Crypt:1  | Got a shimmering buckler
 47130 | Crypt:1  | Noticed an ancient lich
 47401 | Crypt:1  | Identified the cursed -4 buckler of the Nightingale {Str+6 Int+5} (You found it on level 1 of the Crypt)
 47630 | Crypt:1  | Received a gift from Okawaru
 47786 | Crypt:1  | Noticed Mennas
 47816 | Crypt:1  | Killed Mennas
 48677 | Crypt:1  | Received a gift from Okawaru
 48811 | Crypt:1  | Killed an ancient lich
 49017 | Crypt:1  | Identified a +3 rod of shadows (10/10) (You found it on level 1 of the Crypt)
 49223 | Crypt:1  | Lost mutation: Scrolls take you a little longer to read. [potion of cure mutation]
 49223 | Crypt:1  | Lost mutation: You tend to lose your temper in combat. [potion of cure mutation]
 49223 | Crypt:1  | Lost mutation: You are frail (-10% HP). [potion of cure mutation]
 49223 | Crypt:1  | Lost mutation: You are clumsy. (Dex -2) [potion of cure mutation]
 49751 | Crypt:2  | Reached skill level 19 in Maces & Flails
 50180 | Crypt:3  | Entered Level 3 of the Crypt
 50273 | Crypt:3  | Reached XP level 23. HP: 75/153 MP: 30/30
 50535 | Crypt:3  | Found an ancient bone altar of Kikubaaqudgha.
 50554 | Crypt:3  | Received a gift from Okawaru
 50605 | Crypt:3  | Found a basalt altar of Yredelemnul.
 51129 | Crypt:3  | Found a staircase to the Tomb.
 51419 | Crypt:3  | Upgraded the game from 0.17-a0-1397-g0eee0a3 to 0.17-a0-1399-gd5b76e1
 51953 | Vaults:3 | Found Baghasaesaa's Distillery.
 52060 | Vaults:3 | Received a gift from Okawaru
 52077 | Vaults:3 | Got an iridescent longbow {god gift}
 52090 | Vaults:3 | Identified the +1 longbow of Duty {velocity, *Confuse rF+++ Str+3 Dex+2} (Okawaru gifted it to you on level 3 of the Vaults)
 52100 | Vaults:3 | Bought a potion of curing for 51 gold pieces
 52100 | Vaults:3 | Bought a potion of curing for 51 gold pieces
 52833 | Vaults:3 | Found Inisk's Weapon Shop.
 53407 | Vaults:4 | Received a gift from Okawaru
 53414 | Vaults:4 | Reached XP level 24. HP: 151/161 MP: 24/30
 53542 | Vaults:4 | Got a smoking mace {god gift}
 53549 | Vaults:4 | Identified the +11 mace of Xauthr Se Hytz {vamp, rElec Int-4 Dex+3} (Okawaru gifted it to you on level 4 of the Vaults)
 53694 | Vaults:4 | Noticed Wiglaf
 53716 | Vaults:4 | Killed Wiglaf
 53828 | Vaults:4 | Got a steaming ring mail
 53839 | Vaults:4 | Identified the +4 ring mail of Leapfrog {-Cast Regen+ rCorr Slay+3} (You found it on level 4 of the Vaults)
 54075 | Vaults:4 | Reached skill level 20 in Maces & Flails
 54107 | Vaults:4 | Noticed Saint Roka
 54151 | Vaults:4 | Killed Saint Roka
 54151 | Vaults:4 | Received a gift from Okawaru
 54543 | Vaults:4 | Found Ekhlotur's Assorted Antiques.
 55087 | Depths:1 | Entered Level 1 of the Depths
 55087 | Depths:1 | Found a gateway to Hell.
 55104 | Depths:1 | Found Finitoyx's Jewellery Shoppe.
 55180 | Depths:1 | Found a flickering gateway to a bazaar.
 55214 | Bazaar   | Entered a bazaar
 55216 | Bazaar   | Found Yzievuel's Distillery.
 55220 | Bazaar   | Found Kuleon's Antique Weapon Boutique.
 55220 | Bazaar   | Found Yxtillon's Gadget Boutique.
 55221 | Bazaar   | Found Ympuar's Distillery.
 55258 | Bazaar   | Bought a potion of curing for 36 gold pieces
 55258 | Bazaar   | Bought a potion of curing for 36 gold pieces
 55258 | Bazaar   | Bought a potion of curing for 36 gold pieces
 55263 | Bazaar   | Bought a potion of curing for 33 gold pieces
 55263 | Bazaar   | Bought a potion of curing for 33 gold pieces
 55263 | Bazaar   | Bought a potion of heal wounds for 55 gold pieces
 56507 | Depths:1 | Found a one-way gate to the infinite horrors of the Abyss.
 56895 | Depths:2 | Received a gift from Okawaru
 56903 | Depths:2 | Got an ancient mace {god gift}
 56905 | Depths:2 | Identified the +2 mace "Torig" {drain, rN+} (Okawaru gifted it to you on level 2 of the Depths)
 57345 | Depths:2 | Reached XP level 25. HP: 80/168 MP: 23/30
 57351 | Depths:2 | Received a gift from Okawaru
 57426 | Depths:2 | HP: 1/168 [fire dragon/blast of flame (20)]
 57675 | Depths:2 | Paralysed by a sphinx for 3 turns
 57842 | Depths:2 | Got a pair of brightly glowing boots {god gift}
 57853 | Depths:2 | Identified the +1 pair of boots of Okawaru's Reproof {rPois rF+ Int+4} (Okawaru gifted it to you on level 2 of the Depths)
 58210 | Depths:2 | Found a one-way gate leading to the halls of Pandemonium.
 58566 | Depths:3 | Gained mutation: Your magical capacity is low (-10% MP). [a cacodemon]
 58572 | Depths:3 | Cast into the Abyss (a lich)
 59285 | Abyss:1  | Paralysed by accursed screaming for 1 turns
 59397 | Abyss:1  | HP: 6/169 [smoke demon (illusionary)/divine providence (11)]
 60148 | Abyss:1  | Identified a +1 rod of destruction (12/12) (You found it on level 1 of the Abyss)
 60224 | Depths:3 | Escaped the Abyss
 60263 | Depths:3 | Received a gift from Okawaru
 60285 | Depths:3 | Reached skill level 15 in Dodging
 61121 | Depths:3 | Reached skill level 21 in Shields
 61825 | Depths:3 | Received a gift from Okawaru
 61993 | Depths:3 | Noticed the Enchantress
 61994 | Depths:3 | Reached XP level 26. HP: 171/176 MP: 27/27
 62082 | Depths:3 | Killed the Enchantress
 62348 | Depths:3 | Got a faerie dragon armour
 62361 | Depths:3 | Identified the +2 faerie dragon armour {MR+} (You took it off the Enchantress on level 3 of the Depths)
 62409 | Depths:3 | Got a glittering pewter ring
 62414 | Depths:3 | Identified the ring "Geipaewe" {+/*Tele MR++ Dex-5} (You took it off a spriggan on level 3 of the Depths)
 62848 | Depths:3 | Gained mutation: Scrolls take you a little longer to read. [a Zot trap]
 62848 | Depths:3 | Gained mutation: Scrolls take you longer to read. [a Zot trap]
 63217 | Depths:4 | Paralysed by a vampire knight for 3 turns
 63426 | Depths:4 | Paralysed by a great orb of eyes for 6 turns
 64276 | Depths:4 | Received a gift from Okawaru
 64322 | Depths:4 | Identified a +0 pair of boots of running (Okawaru gifted it to you on level 4 of the Depths)
 64749 | Depths:4 | Noticed Erolcha
 64763 | Depths:4 | Killed Erolcha
 65081 | Depths:4 | Noticed Boris
 65085 | Depths:4 | Killed Boris
 65171 | Depths:4 | Noticed an ancient lich
 65178 | Depths:4 | Killed an ancient lich
 65384 | Depths:5 | Entered Level 5 of the Depths
 65713 | Depths:5 | Found a gateway to a ziggurat.
 66327 | Depths:5 | Found a gate to the Realm of Zot.
 66363 | Depths:5 | Reached XP level 27. HP: 169/183 MP: 27/27
 67090 | Tomb:1   | Entered Level 1 of the Tomb of the Ancients
 67684 | Tomb:1   | Received a gift from Okawaru
 67684 | Tomb:1   | Reached skill level 22 in Shields
 67712 | Tomb:1   | Got a brightly glowing large shield {god gift}
 67723 | Tomb:1   | Identified the +0 large shield of Latus {-Tele rElec Int+4} (Okawaru gifted it to you on level 1 of the Tomb of the Ancients)
 67868 | Tomb:1   | Noticed an ancient lich
 67882 | Tomb:1   | Killed an ancient lich
 69009 | Tomb:2   | Noticed Yermak's ghost (great FeMo)
 69022 | Tomb:2   | Killed Yermak's ghost
 69260 | Tomb:2   | Received a gift from Okawaru
 69703 | Tomb:1   | Received a gift from Okawaru
 70759 | Tomb:3   | Entered Level 3 of the Tomb of the Ancients
 71204 | Tomb:2   | Received a gift from Okawaru
 71373 | Tomb:2   | Reached skill level 23 in Shields
 71456 | Tomb:3   | Noticed an ancient lich
 71864 | Tomb:2   | Killed an ancient lich
 72265 | Tomb:3   | Got a transparent wooden ring
 72267 | Tomb:3   | Identified the ring "Ippuw" {MP-9 EV+3 Str-5 Dex+10 Stlth+} (You found it on level 3 of the Tomb of the Ancients)
 72272 | Tomb:3   | Identified the Volume of the Dusty Escort
 72460 | Tomb:3   | Got a golden rune of Zot
 72566 | Tomb:3   | Got a fine lapis lazuli ring
 72568 | Tomb:3   | Identified the ring "Lotaf" {Wiz Str+4} (You found it on level 3 of the Tomb of the Ancients)
 72613 | Tomb:3   | Got a flickering jade ring
 72615 | Tomb:3   | Identified the ring "Sader" {MP+9 EV+1 Str+4} (You found it on level 3 of the Tomb of the Ancients)
 73625 | Slime:1  | Entered Level 1 of the Pits of Slime
 74375 | Slime:5  | Received a gift from Okawaru
 76396 | Slime:6  | Entered Level 6 of the Pits of Slime
 76474 | Slime:6  | Noticed the royal jelly
 76533 | Slime:5  | HP: 8/188 [acid[the royal jelly] (4)]
 76534 | Slime:5  | HP: 2/188 [acid[the royal jelly] (5)]
 76535 | Slime:5  | Splashed by an acid blob's acid

Vault maps used:
D:1:      erik_arrival_cave_to_civilisation
D:3:      elyvilon_altar_4, uniq_terence, uniq_sigmund
D:4:      gammafunk_temple_overflow_elements, kiku_gazebo_garden_becter,
          uniq_robin
D:5:      grunt_temple_overflow_gold_and_silver, temple_doors_e, first_bread,
          uniq_prince_ribbit1, uniq_edmund
D:6:      serial_shops, nicolae_shop_trees, nicolae_shop_stone,
          kennysheep_mini_moat, nicolae_shop_trees, minmay_misc_feat_square,
          serial_park_tiny_2
D:7:      uniq_pikel
D:8:      david_lair_generic, hangedman_ranch
D:9:      statuecave_lemuel, old_standard_altar, basic_altar
D:10:     stair_cage_cross, glass_columns_a, uniq_erica
D:11:     basic_altar
D:12:     yredelemnul_altar_generic
D:14:     erik_vaults_2
D:15:     gammafunk_enter_depths_forms, lemuel_coloured_pillars_altar
Temple:   circular_temple_12
Lair:1:   lemuel_old_faithful, serial_bayou_shore_b, uniq_joseph,
          uniq_gastronok, uniq_sonja
Lair:2:   beast_lair_carwin_large_3, special_room, serial_bayou_shore_b,
          grunt_megastairs_2, uniq_urug
Lair:3:   kennysheep_rathole
Lair:4:   spider_nest_entry_funnel_web, portal_ice_cave_entry_ice_beasts,
          infiniplex_staircase_pool, serial_bayou_shore_b, serial_bayou_shore_b
Lair:6:   minmay_shoals_entry_lonely_mermaid, nicolae_spider_entry_orb_guardian,
          dpeg_slime_entry_enclosed_altar
Lair:7:   grunt_megastairs_4
Lair:8:   grunt_lair_end_beastmaster, lightli_volcano_entry_magma_tube
Shoals:2: hangedman_shoals_cup_caves
Shoals:3: uniq_louise, uniq_roxanne
Shoals:4: shoals_end_simple, shoals_ilsuiw_alternative
Spider:2: uniq_azrael
Spider:3: uniq_norris
Spider:4: spider_rune_water
Orc:1:    serial_shops, shop, basic_altar, nicolae_orc_crystal_geode
Orc:2:    serial_shops, shop
Orc:3:    nicolae_orc_pool_cavern, uniq_harold, uniq_rupert
Orc:4:    grunt_orc_gardens, grunt_orc_garden, grunt_orc_garden,
          grunt_orc_garden, grunt_orc_garden, elf_legates
Elf:1:    kennysheep_underground_church, spider_trap, basic_loot_grate_trap,
          uniq_agnes
Elf:2:    uniq_asterion
Elf:3:    grunt_elf_hall_diamonds, uniq_donald
Vaults:1: vaults_room_octagon, ontoclasm_vaults_hangar,
          nicolae_vaults_little_squares_3, ontoclasm_vaults_loading_screen,
          v_misc_2, hangedman_vaults_corner_blocks, vaults_room_pools
Vaults:2: hangedman_vaults_locks, vaults_dpeg_diagonal, v_pattern_3,
          hangedman_vaults_pinch, v_misc_12, grunt_vaults_focal,
          minmay_crypt_entry_simple_plaza, nicolae_vaults_angled_halls,
          hangedman_vaults_capsules, grunt_vaults_bifocal,
          vaults_standard_mumra_x, ontoclasm_vaults_hangar,
          ontoclasm_vaults_gateway, vaults_mumra_lcd,
          ontoclasm_vaults_ring_square, v_misc_23
Vaults:3: dpeg_vaults_monster_box, ontoclasm_vaults_ring_small,
          nicolae_vaults_disjoint_gnomons, nicolae_vaults_asterisk,
          nicolae_vaults_three_branches, nicolae_vaults_asterisk,
          v_alt_pattern_6, ontoclasm_vaults_bender, v_alt_pattern_2,
          ontoclasm_vaults_shuriken, grunt_vaults_hallway_long, v_misc_27,
          vaults_room_semicircle, nicolae_vaults_asterisk, serial_shops,
          nicolae_shop_crystal
Vaults:4: v_misc_31, st_check, nicolae_vaults_circle_grid_a,
          vaults_room_fancy_cross, v_misc_30, vaults_dpeg_hooks,
          vaults_room_large_hall, nicolae_vaults_little_ls, serial_shops, shop,
          uniq_saint_roka, uniq_wiglaf
Crypt:1:  evilmike_wizard_prison, uniq_mara, uniq_mennas
Crypt:2:  st_shrine_of_skulls
Crypt:3:  lightli_unholy_cathedral
Depths:1: grunt_bruiser_brothers, abyss_entry, minmay_hedge_maze, serial_shops,
          freezing_bzr, shop, hell_entry, serial_glass, glass_columns_a,
          glass_columns_b, grunt_ministairs_13, hangedman_abyss_or_decor_slice,
          kennysheep_kite_vault
Depths:2: minmay_concentric_multi, hell_entry, rand_demon_pan_entry_9,
          serial_sigils_hangedman_gut, kennysheep_generic_room_4,
          serial_bayou_shore_a
Depths:3: grunt_forest_end_chambers, grunt_pan_entry_in_and_out,
          serial_bayou_ford_a, grunt_hell_entry_dis_old
Depths:4: constructs_gauntlet_mu_hangedman, hell_entry, abyss_entry,
          minmay_misc_feat_enclosed, minmay_misc_feat_columns, firewood_loft,
          grunt_megastairs_3, serial_bayou_shore_b
Depths:5: grunt_zot_entry_funnels, enter_ziggurat_e, abyss_entry_glasseish,
          pf_hell_entry_tar_river, serial_bayou_shore_b
Abyss:1:  lemuel_flamethrower_2
Abyss:2:  minivault_24
Bazaar:   bazaar_minmay_cross
IceCv:    ice_cave_small_necro
Volcano:  volcano_grotto

Action                   |  1- 3 |  4- 6 |  7- 9 | 10-12 | 13-15 | 16-18 | 19-21 | 22-24 | 25-27 || total
-------------------------+-------+-------+-------+-------+-------+-------+-------+-------+-------++-------
Melee: Flail             |   135 |    96 |       |       |       |       |       |       |       ||   231
       Mace              |       |    94 |   202 |       |       |       |       |       |       ||   296
       Morningstar       |       |       |    76 |   942 |   257 |       |       |       |       ||  1275
       Eveningstar       |       |       |       |       |  1597 |  1889 |  2127 |  1887 |  2937 || 10437
       Demon whip        |       |       |       |       |       |       |       |       |   624 ||   624
Invok: Heroism           |       |       |       |     1 |     4 |     4 |     2 |     4 |     2 ||    17
       Finesse           |       |       |       |       |     2 |     3 |     2 |     4 |     3 ||    14
 Abil: Fly               |       |       |       |       |     1 |       |       |       |       ||     1
Evoke: Wand              |       |       |     1 |    12 |     7 |       |     1 |    23 |       ||    44
       Rod               |       |       |       |       |       |       |       |     2 |       ||     2
  Use: Potion            |       |     1 |     2 |       |     1 |       |     1 |     1 |    13 ||    19
       Scroll            |       |     7 |     9 |     7 |     6 |    12 |     9 |     9 |    14 ||    73
 Stab: Sleeping          |       |       |     1 |       |       |       |       |       |       ||     1
       Petrified         |       |       |       |       |     2 |       |       |       |       ||     2
  Eat: Chunk             |       |     6 |    21 |    16 |    30 |    36 |    38 |    28 |    45 ||   220
       Bread ration      |       |       |       |       |     1 |       |       |       |     1 ||     2
       Fruit             |       |       |       |       |       |       |     3 |    11 |     4 ||    18
       Royal jelly       |       |       |       |       |       |       |       |       |    14 ||    14
